 Dungeon Crawl Stone Soup version 0.21-a0-349-g0c35859 (webtiles) character file.

16716 saturnerianis the Basher (level 12, 0/117 HPs)
             Began as a Gargoyle Berserker on Oct 7, 2017.
             Was a High Priest of Trog.
             Slain by a harpy (12 damage)
             ... summoned by Kirke
             ... on level 12 of the Dungeon.
             The game lasted 00:36:52 (12688 turns).

saturnerianis the Basher (Gargoyle Berserker)      Turns: 12688, Time: 00:36:53

Health: 0/117      AC:  0    Str: 31    XL:     12   Next: 40%
Magic:  12/12      EV: 14    Int:  8    God:    Trog [*****.]
Gold:   1066       SH:  0    Dex:  9    Spells: 11/11 levels left

rFire    . . .     SeeInvis .   (weapon currently unavailable)
rCold    . . .     Gourm    .   (shield currently unavailable)
rNeg     + . .     Faith    .   (armour currently unavailable)
rPois    ∞         Spirit   .   (helmet currently unavailable)
rElec    .         Reflect  .   (cloak currently unavailable)
rCorr    .         Harm     .   (gloves currently unavailable)
MR       .....                  (boots currently unavailable)
Stlth    ..........             G - amulet of regeneration
HPRegen  0.69/turn              (ring currently unavailable)
MPRegen  0.13/turn              (ring currently unavailable)

@: berserking, pig-form, slowed, very quick
A: negative energy resistance 1, petrification resistance, rot immunity, AC +8
a: Berserk, Trog's Hand, Brothers in Arms, Burn Spellbooks, Renounce Religion


You were on level 12 of the Dungeon.
You worshipped Trog.
Trog was extremely pleased with you.
You were near starving.
You were a filthy swine.
You visited 1 branch of the dungeon, and saw 12 of its levels.
You also visited: Bailey.

You collected 1066 gold pieces.

Inventory:

Hand Weapons
 a - a +3 mace of draining (melded)
Missiles
 b - 2 throwing nets
 e - 229 stones
 v - 11 poisoned needles
 C - 38 tomahawks of returning (quivered)
 M - 7 javelins of penetration
 O - 5 tomahawks
Armour
 n - a +1 pair of gloves (melded)
 s - a +0 plate armour (melded)
 y - a +0 shield (melded)
 z - a +0 cloak (melded)
Jewellery
 d - an uncursed ring of flight
 f - a +2 ring of evasion (melded)
 G - an amulet of regeneration (around neck)
 J - a ring of see invisible (melded)
 N - an uncursed ring of ice
Scrolls
 g - a scroll of enchant armour
 l - 5 scrolls of remove curse
 A - 3 scrolls of identify
 B - 3 scrolls of fog
 D - a scroll of enchant weapon
 F - 3 scrolls of teleportation
 H - a scroll of blinking
Potions
 c - 3 potions of haste
 k - 2 potions of cancellation
 m - 4 potions of agility
 o - 7 potions of curing
 p - a potion of might
 q - 2 potions of brilliance
 r - a potion of ambrosia
 t - 3 potions of flight
 u - a potion of resistance
 w - a potion of mutation
 L - 4 potions of lignification {unknown}
 Q - a potion of magic {unknown}
Comestibles
 h - 9 meat rations
 i - 9 royal jellies
 j - 9 fruits
 P - 4 bread rations
 R - a chunk of flesh


   Skills:
 + Level 10.5 Fighting
 - Level 14.0 Maces & Flails
 + Level 10.2 Armour
 - Level 1.5 Dodging
 + Level 5.9 Shields


You had 11 spell levels left.
You didn't know any spells.

Dungeon Overview and Level Annotations

Branches:
Dungeon (12/15)            Temple (0/1) D:4            Lair (0/6) D:11
    Orc: D:9-12

Altars:
Ashenzari
Cheibriados
Gozag
Hepliaklqana
Kikubaaqudgha
Makhleb
Nemelex Xobeh
Sif Muna
Trog
Wu Jian
The Shining One

Shops:
D:6 (   D:8 ?

Annotations:
D:12 Kirke


Innate Abilities, Weirdness & Mutations

You are resistant to torment.
((Your stone body is resilient. (AC +8)))
You are immune to poison.
You resist negative energy. (rN+)
((You are resistant to electric shocks. (rElec)))
((You can survive without breathing.))
You are immune to petrification.
You are immune to rotting.


Message History

Your +2 ring of evasion melds into your body.
Your ring of see invisible melds into your body.
The hog barely misses you. The hog bites you.
You barely miss Kirke.
Kirke is lightly wounded.
The harpy claws you! x2; The harpy misses you.
The harpy barely misses you. The harpy claws you! x2
* * * LOW HITPOINT WARNING * * *
The hog bites you!
* * * LOW HITPOINT WARNING * * *
The hog bites you.
* * * LOW HITPOINT WARNING * * *
The hog bites you.
* * * LOW HITPOINT WARNING * * *
Kirke barely misses you.
You can't go up here!
You bite the harpy!
The harpy is moderately wounded.
The harpy claws you!
You die...

## .. #. #. ###
######h####.....
..Z.oH@hH.....#
###..HhhH.....#
#.##.######.# #
#. #. #. #. ##


You could see Kirke, 4 harpies, 3 hogs, an orc wizard and a bullfrog skeleton.

Vanquished Creatures
  Fannar (D:11)
  Erica (D:9)
  2 two-headed ogres
  Pikel (D:6)
  A cyclops (D:11)
  An elephant (D:11)
  The ghost of firebrand the Cleaver, a novice HOFi (D:5)
  Joseph (D:8)
  A gargoyle (D:11)
  Maurice (D:11)
  2 komodo dragons (D:11)
  5 trolls
  A hornet (D:11)
  Grinder (D:6)
  2 hippogriffs
  A shadow (D:11)
  3 yaks (D:11)
  A hog (D:11)
  2 basilisks (D:11)
  A human (D:11)
  2 hungry ghosts
  Grum (D:8)
  A water moccasin (D:11)
  Duvessa (D:7)
  A black bear (D:8)
  A phantom (D:7)
  2 ice beasts
  11 orc warriors
  4 sky beasts
  2 slaves (D:6)
  A necrophage (D:5)
  A boggart (D:7)
  10 centaurs
  3 wolves (D:8)
  5 ogres
  A big kobold (D:9)
  8 bullfrogs
  A wyvern skeleton (D:10)
  3 scorpions
  Dowan (D:7)
  10 killer bees
  8 wights
  4 howler monkeys
  2 crimson imps
  A centaur zombie (D:11)
  2 jellies
  An orc priest (D:7)
  Crazy Yiuf (D:5)
  6 hounds
  A gnoll shaman (D:10)
  A bullfrog skeleton (D:7)
  4 centaur skeletons
  Jessica (D:3)
  12 orc wizards
  2 iguanas
  12 worker ants
  Terence (D:3)
  A hound zombie (D:10)
  3 hound skeletons
  16 gnolls
  A howler monkey skeleton (D:10)
  2 worker ant zombies
  12 adders
  4 shadow imps
  An adder skeleton (D:7)
  A worm (D:4)
  9 leopard geckos
  31 orcs
  3 bats
  13 giant cockroaches
  18 goblins
  15 hobgoblins
  5 jackals
  4 quokkas
  A ball python (D:2)
  8 frilled lizards
  2 giant cockroach zombies (D:6)
  A jackal zombie (D:4)
  25 kobolds
  A leopard gecko skeleton (D:7)
  A quokka zombie (D:5)
  3 rats
340 creatures vanquished.

Vanquished Creatures (others)
  An orc (D:11)
  A fungus (D:11)
2 creatures vanquished.

Grand Total: 342 creatures vanquished

Notes
Turn   | Place    | Note
-------+----------+-------------------------------------------
     0 | D:1      | saturnerianis the Gargoyle Berserker began the quest for the Orb.
     0 | D:1      | Reached XP level 1. HP: 14/14 MP: 1/1
   380 | D:1      | Reached XP level 2. HP: 18/19 MP: 2/2
   809 | D:1      | Reached skill level 4 in Maces & Flails
  1020 | D:1      | Reached XP level 3. HP: 23/23 MP: 3/3
  1143 | D:2      | Reached XP level 4. HP: 20/28 MP: 4/4
  1434 | D:2      | Reached skill level 5 in Maces & Flails
  1611 | D:2      | Reached ** piety under Trog
  1626 | D:2      | Reached XP level 5. HP: 5/32 MP: 5/5
  2053 | D:2      | Found a hazy altar of Hepliaklqana.
  2060 | D:2      | Found a glowing golden altar of the Shining One.
  2061 | D:2      | Found a burning altar of Makhleb.
  2063 | D:2      | Found an ornate altar of the Wu Jian Council.
  2064 | D:2      | Found a sparkling altar of Nemelex Xobeh.
  2470 | D:2      | Reached skill level 6 in Maces & Flails
  2640 | D:3      | Noticed Terence
  2667 | D:3      | Killed Terence
  2841 | D:3      | Noticed Jessica
  2846 | D:3      | Killed Jessica
  2846 | D:3      | Reached XP level 6. HP: 37/37 MP: 6/6
  3298 | D:3      | Found a faded altar of an unknown god.
  3603 | D:4      | Reached skill level 7 in Maces & Flails
  3766 | D:4      | Found a staircase to the Ecumenical Temple.
  4120 | D:4      | Reached XP level 7. HP: 31/41 MP: 7/7
  4275 | D:4      | Found an opulent altar of Gozag.
  4551 | D:5      | Entered Level 5 of the Dungeon
  4706 | D:5      | Reached *** piety under Trog
  4706 | D:5      | Reached skill level 8 in Maces & Flails
  5224 | D:5      | Reached skill level 9 in Maces & Flails
  5232 | D:5      | Noticed firebrand's ghost (novice HOFi)
  5243 | D:5      | Killed firebrand's ghost
  5243 | D:5      | Reached skill level 10 in Maces & Flails
  5243 | D:5      | Reached XP level 8. HP: 46/46 MP: 8/8
  5764 | D:5      | Found a runed door.
  5768 | D:5      | Noticed Crazy Yiuf
  5774 | D:5      | Killed Crazy Yiuf
  5932 | D:6      | Reached skill level 11 in Maces & Flails
  6115 | D:6      | Reached XP level 9. HP: 51/51 MP: 9/9
  6197 | D:6      | Noticed Pikel
  6210 | D:6      | Killed Pikel
  6210 | D:6      | Reached skill level 12 in Maces & Flails
  6295 | D:6      | Found Xiron's Antique Weapon Boutique.
  6431 | D:6      | Found a sand-covered staircase.
  6458 | D:6      | Noticed Grinder
  6460 | D:6      | Paralysed by Grinder for 3 turns
  6471 | D:6      | Killed Grinder
  6752 | D:7      | Noticed Duvessa
  6752 | D:7      | Noticed Dowan
  6758 | D:7      | Killed Dowan
  6763 | D:7      | Killed Duvessa
  6939 | D:7      | Found a shattered altar of Ashenzari.
  6957 | D:7      | Reached skill level 13 in Maces & Flails
  7153 | D:7      | Reached **** piety under Trog
  7153 | D:7      | Reached XP level 10. HP: 56/56 MP: 10/10
  7267 | D:7      | Identified Seihacve's Volume of the Mutagenic Birds
  7815 | D:7      | Found a snail-covered altar of Cheibriados.
  8242 | D:8      | Found Firech's Magic Scroll Shoppe.
  8296 | D:8      | Reached skill level 14 in Maces & Flails
  8303 | D:8      | Noticed Grum
  8320 | D:8      | Killed Grum
  8947 | D:8      | Noticed Joseph
  8964 | D:8      | Killed Joseph
  8964 | D:8      | Reached skill level 5 in Fighting
  9259 | D:9      | Reached skill level 5 in Armour
  9389 | D:9      | Reached ***** piety under Trog
  9451 | D:9      | Found an ancient bone altar of Kikubaaqudgha.
  9541 | D:9      | Found a deep blue altar of Sif Muna.
  9641 | D:9      | Noticed Erica
  9660 | D:9      | Killed Erica
  9694 | D:9      | Received a gift from Trog
  9783 | D:9      | Found a bloodstained altar of Trog.
 10049 | D:10     | Entered Level 10 of the Dungeon
 10068 | D:10     | Reached XP level 11. HP: 67/67 MP: 11/11
 10355 | D:10     | Found a flagged portal.
 10368 | Bailey   | Entered a bailey
 10630 | Bailey   | Received a gift from Trog
 10898 | D:10     | Found a deep blue altar of Sif Muna.
 11095 | D:10     | Noticed a two-headed ogre
 11110 | D:10     | Killed a two-headed ogre
 11600 | D:11     | Reached skill level 1 in Shields
 11671 | D:11     | Noticed Fannar
 11696 | D:11     | Noticed a two-headed ogre
 11706 | D:11     | Killed a two-headed ogre
 11825 | D:11     | Killed Fannar
 11827 | D:11     | Noticed Maurice
 11840 | D:11     | Reached XP level 12. HP: 33/77 MP: 2/12
 11877 | D:11     | Killed Maurice
 11877 | D:11     | Reached skill level 10 in Fighting
 11930 | D:11     | Received a gift from Trog
 11930 | D:11     | Reached skill level 5 in Shields
 11963 | D:11     | Reached skill level 10 in Armour
 12467 | D:11     | Found a staircase to the Lair.
 12675 | D:12     | Noticed Kirke
 12688 | D:12     | Slain by a harpy

Vault maps used:
D:1:      lemuel_arrival_room
D:2:      mumra_celtic_spiral_tile, minitemple, first_bread, minmay_pentomino_q2
D:3:      chequers_ecumenical_altar_island, kennysheep_jessica_study,
          uniq_terence
D:4:      grunt_gozag_breadcrumbs, minmay_temple_entry_purple_smoke, st_stairs_6
D:5:      uniq_crazy_yiuf_cottage
D:6:      enter_ossuary_2, serial_shops, shop, kennysheep_generic_room_16,
          uniq_grinder, uniq_pikel
D:7:      kennysheep_little_box, kennysheep_mini_moat, uniq_duvessa
D:8:      serial_shops, shop, uniq_grum, uniq_joseph
D:9:      lemuel_doored_altar, lightli_temple_of_fire,
          overflow_temple_1_default, uniq_erica
D:10:     enter_bailey_3, led_sif_book
D:11:     david_lair_generic, grunt_livestock, uniq_fannar, uniq_maurice
D:12:     minmay_orc_entry_temple_small, uniq_gastronok, uniq_kirke,
          uniq_josephine
Bailey:   bailey_axe_1, bailey

Skill      XL: |  1  2  3  4  5  6  7  8  9 10 11 12 |
---------------+-------------------------------------+-----
Maces & Flails | 4 5 6 7 10 11 13 14 | 14.0
Fighting       | 7 9 10 | 10.5
Armour         | 6 9 10 | 10.2
Shields        | 4 5 |  5.9
Dodging        | |  1.5

Action                   |  1- 3 |  4- 6 |  7- 9 | 10-12 || total
-------------------------+-------+-------+-------+-------++-------
Melee: Mace              |    83 |    85 |       |   752 ||   920
       Flail             |       |   139 |   170 |       ||   309
       Quarterstaff      |       |       |   177 |    52 ||   229
       Unarmed           |       |       |       |     2 ||     2
Throw: Stone             |       |     1 |    13 |   115 ||   129
       Tomahawk          |       |       |       |    15 ||    15
Invok: Berserk           |     3 |     5 |     7 |    13 ||    28
       Trog's Hand       |       |     1 |       |     3 ||     4
       Burn Spellbooks   |       |       |       |     2 ||     2
  Use: Scroll            |     1 |     7 |     3 |    11 ||    22
       Potion            |       |       |       |     2 ||     2
 Stab: Confused          |       |       |     1 |       ||     1
       Paralysed         |       |       |     1 |     1 ||     2
  Eat: Chunk             |     2 |    12 |    18 |     8 ||    40
       Bread ration      |     1 |       |       |     6 ||     7
Armor: Animal skin       |    23 |       |       |       ||    23
       Leather armour    |     3 |    85 |       |       ||    88
       Chain mail        |       |    53 |   205 |    27 ||   285
       Plate armour      |       |       |       |   639 ||   639
Dodge: Dodged            |    50 |   211 |   132 |   460 ||   853
Block: Shield            |       |       |       |   235 ||   235

Table legend:
 A = Spawn XP
 B = Non-spawn XP
 C = Spawn XP percentage of total XP
 D = Spawn monster count
 E = Non-spawn monster count
 F = Spawn count percentage of total count
 G = Total turns spent on level
                    A         B        C        D         E        F      G
               +---------+---------+-------+---------+---------+-------+---------
         Total |       0 |   23881 |   0.0 |       0 |     338 |   0.0 | 12688
               +---------+---------+-------+---------+---------+-------+---------
           D:1 |       0 |      34 |   0.0 |       0 |      20 |   0.0 |  1084
           D:2 |       0 |     202 |   0.0 |       0 |      32 |   0.0 |  1492
           D:3 |       0 |     105 |   0.0 |       0 |      16 |   0.0 |   898
           D:4 |       0 |     290 |   0.0 |       0 |      20 |   0.0 |  1077
           D:5 |       0 |    1245 |   0.0 |       0 |      20 |   0.0 |  1311
           D:6 |       0 |    1699 |   0.0 |       0 |      21 |   0.0 |   890
           D:7 |       0 |    1725 |   0.0 |       0 |      39 |   0.0 |  1483
           D:8 |       0 |    1650 |   0.0 |       0 |      17 |   0.0 |   918
           D:9 |       0 |    2125 |   0.0 |       0 |      24 |   0.0 |   896
          D:10 |       0 |    3434 |   0.0 |       0 |      42 |   0.0 |  1128
          D:11 |       0 |   10536 |   0.0 |       0 |      55 |   0.0 |  1099
        Bailey |       0 |     836 |   0.0 |       0 |      32 |   0.0 |   399
               +---------+---------+-------+---------+---------+-------+---------
